 Dungeon Crawl Stone Soup version 0.26.0-45-g9c1d065592 (webtiles) character file.

Game seed: 3135654160480538253

451 roke1 the Ruffian (level 7, -3/57 HPs)
             Began as a Ghoul Necromancer on Jan 27, 2021.
             Was an Initiate of Kikubaaqudgha.
             Slain by an ogre
             ... wielding a +0 giant club
              (14 damage)
             ... on level 5 of the Dungeon.
             The game lasted 00:13:41 (5061 turns).

roke1 the Ruffian (Ghoul Necromancer)               Turns: 5061, Time: 00:13:42

Health: -3/57      AC:  7    Str: 12    XL:     7   Next: 4%
Magic:  8/8        EV:  9    Int: 12    God:    Kikubaaqudgha [......]
Gold:   199        SH:  0    Dex:  9    Spells: 8/9 levels left

rFire    . . .     SeeInvis .   p - +4 short sword
rCold    + . .     Faith    .   (no shield)
rNeg     + + +     Spirit   .   l - +1 scale mail
rPois    ∞         Reflect  .   (no helmet)
rElec    .         Harm     .   (no cloak)
rCorr    .         Rampage  .   (no gloves)
Will     .....                  (no boots)
Stlth    +.........             t - amulet of the acrobat
HPRegen  0.00/turn              b - ring of stealth
MPRegen  0.11/turn              (no ring)

@: no status effects
A: claws 1, cold resistance 1, negative energy resistance 3, inhibited
regeneration, torment resistance, unbreathing
a: Renounce Religion


You were on level 5 of the Dungeon.
You worshipped Kikubaaqudgha.
Kikubaaqudgha was noncommittal.
You visited 2 branches of the dungeon, and saw 6 of its levels.

You collected 199 gold pieces.

Inventory:

Hand Weapons
 p - a +4 short sword (weapon)
Missiles
 v - a throwing net
Armour
 l - a +1 scale mail (worn)
Jewellery
 b - a ring of stealth (left claw)
 t - an amulet of the acrobat (around neck)
Scrolls
 c - a scroll of magic mapping
 d - a scroll of noise {unknown}
 g - a scroll of remove curse
 h - 4 scrolls of teleportation
 i - a scroll of enchant armour
 j - 2 scrolls of enchant weapon {unknown}
 m - 2 scrolls of fog {unknown}
 q - a scroll of amnesia
 r - a scroll of identify
Potions
 a - a potion of attraction
 e - 4 potions of flight
 k - 2 potions of lignification
 n - a potion of degeneration
 o - 4 potions of curing
 s - a potion of invisibility
 u - a potion of might


   Skills:
 + Level 3.4 Fighting
 + Level 2.7 Armour
 - Level 2.5 Dodging
 - Level 2.1 Stealth
 * Level 5.0 Unarmed Combat
 + Level 1.7 Spellcasting
 + Level 4.0 Necromancy


You had 8 spell levels left.
You knew the following spells:

 Your Spells              Type           Power        Failure   Level
a - Pain                  Necr           40%          26%         1

Your spell library contained the following spells:

 Spells                   Type           Power        Failure   Level
 Animate Skeleton         Necr           20%          26%         1
 Vampiric Draining        Necr           5%           63%         3
 Animate Dead             Necr           5%           95%         4
 Agony                    Necr           10%          100%        5


Dungeon Overview and Level Annotations

Branches:
Dungeon (5/15)             Temple (1/1) D:4

Altars:
Dithmenos
Fedhas
Gozag
Hepliaklqana
Kikubaaqudgha
Makhleb
Qazlal
Ru
Sif Muna
Uskayaw
Wu Jian
Zin
The Shining One


Innate Abilities, Weirdness & Mutations

You thrive by killing the living.
You are immune to poison.
You have sharp fingernails.
Your flesh is cold resistant. (rC+)
You are immune to negative energy. (rN+++)
You do not regenerate when monsters are visible.
You are immune to unholy pain and torment.
You can survive without breathing.


Message History

You hit the ufetubus.
The ufetubus is lightly wounded.
The ufetubus hits you. The ufetubus misses you.
You hit the ogre.
The ogre is lightly wounded.
The ufetubus hits you but does no damage. x2
The ufetubus hits you. The ufetubus barely misses you.
The ogre hits you with a +0 giant club!!
You puncture the ogre!
The ogre is heavily wounded.
The ufetubus hits you but does no damage. x2
The ogre hits you with a +0 giant club!
* * * LOW HITPOINT WARNING * * *
The ufetubus hits you but does no damage. x2
You hit the ogre.
The ogre is severely wounded.
The ufetubus hits you but does no damage. x2
The ogre hits you with a +0 giant club!
You die...
Kikubaaqudgha rasps: "You have failed me!
Welcome... oblivion!"

#. #. #. ####
##.##..
.....#
#.#..####..
#.#.o..... .
#.@5..###....
###O[...P....
##........#
#..#8..P.#
#........#
...####...
##... ..
##.## . #.#


You could see an ogre, an orc and an ufetubus.

Vanquished Creatures
  A phantom (D:4)
  An ogre (D:4)
  An orc wizard (D:4)
  3 worker ants
  8 adders
  A shadow imp (D:3)
  2 adder skeletons (D:4)
  A worm (D:4)
  A dart slug (D:2)
  3 leopard geckos
  6 orcs
  7 giant cockroaches
  5 hobgoblins
  5 jackals
  4 quokkas
  11 bats
  5 frilled lizards
  11 goblins
  7 kobolds
  A leopard gecko skeleton (D:4)
  5 rats
89 creatures vanquished.

Vanquished Creatures (others)
  3 fungi (D:2)
  2 plants (D:2)
5 creatures vanquished.

Grand Total: 94 creatures vanquished

Notes
Turn   | Place    | Note
-------+----------+-------------------------------------------
     0 | D:1      | roke1 the Ghoul Necromancer began the quest for the Orb.
     0 | D:1      | Reached XP level 1. HP: 14/14 MP: 2/2
   251 | D:1      | Reached skill level 1 in Unarmed Combat
   251 | D:1      | Reached XP level 2. HP: 15/22 MP: 3/3
   914 | D:1      | Reached skill level 1 in Fighting
   914 | D:1      | Reached XP level 3. HP: 26/28 MP: 4/4
  1148 | D:2      | Found a blossoming altar of Fedhas.
  1504 | D:2      | Reached skill level 1 in Armour
  1504 | D:2      | Reached skill level 2 in Unarmed Combat
  2010 | D:2      | Reached XP level 4. HP: 35/35 MP: 5/5
  2849 | D:3      | Found a shadowy altar of Dithmenos.
  3032 | D:3      | Reached skill level 3 in Unarmed Combat
  3032 | D:3      | Reached XP level 5. HP: 29/41 MP: 6/6
  3506 | D:4      | Noticed a phantom
  4144 | D:4      | Killed a phantom
  4145 | D:4      | Reached skill level 4 in Unarmed Combat
  4145 | D:4      | Reached XP level 6. HP: 30/50 MP: 7/7
  4668 | D:4      | Reached XP level 7. HP: 46/57 MP: 8/8
  4752 | D:4      | Reached skill level 5 in Unarmed Combat
  4843 | D:4      | Found a staircase to the Ecumenical Temple.
  4879 | Temple   | Entered the Ecumenical Temple
  4886 | Temple   | Became a worshipper of Kikubaaqudgha
  5044 | D:5      | Entered Level 5 of the Dungeon
  5061 | D:5      | Slain by an ogre

Illustrated notes

Levels and vault maps discovered:
D:1:      minmay_arrival_cross, layout_basic, minmay_heptomino_h4
D:2:      layout_basic, fedhas_altar_3, uniq_robin
D:3:      layout_rooms, st_stairs_12, dk_vineyard_2, grunt_dithmenos_smoke
D:4:      layout_cave_pools, minmay_temple_entry_arrows, grunt_decor_resistance
D:5:      layout_loops_ring, nemelex_xobeh_ov_fountains_minmay, serial_undead,
          serial_undead_a, serial_undead_e, serial_undead_c, serial_undead_e,
          uniq_blork_the_orc
Temple:   nicolae_temple_no_exploring_needed

Skill      XL: |  1  2  3  4  5  6  7 |
---------------+----------------------+-----
Unarmed Combat | 1 2 3 4 5 |  5.0
Dodging        | 2 |  2.5
Fighting       | 1 2 3 |  3.4
Armour         | 1 2 |  2.7
Stealth        | |  2.1
Spellcasting   | |  1.7
Necromancy     | |  4.0

Action                   |  1- 3 |  4- 6 |  7- 9 || total
-------------------------+-------+-------+-------++-------
Melee: Unarmed           |   147 |   217 |     5 ||   369
       Short sword       |       |    77 |    18 ||    95
       Punch             |       |     1 |       ||     1
  Use: Scroll            |       |    13 |       ||    13
Armor: Leather armour    |    22 |       |       ||    22
       Scale mail        |    72 |   110 |    19 ||   201
Dodge: Dodged            |   103 |   135 |    28 ||   266
